 Dungeon Crawl Stone Soup version 0.30-a0-845-g7c6808c8ce (webtiles) character file.

Game seed: 5800579131795316767

464389 freelancePsychic the Devastator (level 22, -28/199 HPs)
             Began as a Demigod Reaver on Mar 1, 2023.
             Shot with a bolt by a yaktaur captain (37 damage)
             ... on level 5 of the Vaults on Mar 2, 2023.
             The game lasted 02:20:28 (67980 turns).

freelancePsychic the Devastator (Demigod Reaver)   Turns: 67980, Time: 02:20:29

Health: -28/199    AC: 15    Str: 13    XL:     22   Next: 12%
Magic:  11/49      EV: 23    Int: 42    God:
Gold:   3993       SH:  7    Dex: 16    Spells: 2/39 levels left

rFire   . . .      SeeInvis +    a - staff of conjuration
rCold   + + .      Faith    .    G - +2 buckler {AC+3}
rNeg    + . .      Spirit   .    Y - +3 troll leather armour
rPois   .          Reflect  .    O - +2 helmet {Int+3}
rElec   .          Rampage  .    g - scarf {rC+ rF+}
rCorr   .          Archmagi +    Q - +0 pair of gloves
Will    ++++.      Rnd*Tele +    z - +2 pair of slick slippers {slick, slippery, EV+5}
Stlth   +                        i - amulet of magic regeneration
HPRegen 1.33/turn                y - ring of the Mage {Wiz Archmagi}
MPRegen 0.71/turn                d - ring "Moano" {Ice rN+ Will++ MP+9 SInv}

@: brilliant, lethally poisoned (-28 -> -29), marked, corroded, contaminated,
glowing
A: high MP 1, forlorn, divine attributes, teleportitis 1
}: 3/15 runes: decaying, abyssal, gossamer
a: no special abilities


You were on level 5 of the Vaults.
You visited 8 branches of the dungeon, and saw 41 of its levels.
You visited the Abyss 3 times.
You also visited: Bailey and Ice Cave.

You collected 6010 gold pieces.
You spent 2017 gold pieces at shops.

Inventory:

Hand Weapons
 b - a +8 demon whip of freezing
Missiles
 I - 2 throwing nets
Armour
 g - a scarf of resistance (worn)
 q - a +2 cloak of stealth
 z - the +2 pair of slick slippers (worn) {slick, slippery, EV+5}
   (You acquired it on level 3 of the Crypt)

   Slick:     Its wearer cannot be constricted, engulfed, netted or webbed.
   Slippery:  It slips away from damaging melee attacks, pulling the attacker
   onward.
   EV:        It affects your evasion (+5).
 G - a +2 buckler of protection (worn)
 O - a +2 helmet of intelligence (worn)
 Q - a +0 pair of gloves (worn)
 Y - a +3 troll leather armour (worn)
Magical Staves
 a - a staff of conjuration (weapon)
Jewellery
 d - the ring "Moano" (right hand) {Ice rN+ Will++ MP+9 SInv}
   (You acquired it on level 3 of the Dungeon)

   [ring of ice]

   It enhances your ice magic.
   rF:        It makes you vulnerable to fire.
   rC:        It protects you from cold.
   rN:        It protects you from negative energy.
   MP:        It affects your magic capacity (+9).
   SInv:      It lets you see invisible.
   Will:      It greatly increases your willpower.
 i - an amulet of magic regeneration (around neck)
 n - the ring of Kindness {rElec MP+9 Str+2 Int+3}
   (You acquired it on level 8 of the Dungeon)

   [ring of magical power]

   Str:       It affects your strength (+2).
   Int:       It affects your intelligence (+3).
   rElec:     It insulates you from electricity.
   MP:        It affects your magic capacity (+9).
 r - a ring of protection from fire
 y - the ring of the Mage (left hand) {Wiz Archmagi}
   (You found it on level 3 of the Elven Halls)

   [ring of wizardry]

   It improves your spell success rate.
   Archmagi:  It increases the power of your magical spells.
 S - a ring of protection from fire
 U - a +5 ring of evasion
 X - a +6 ring of strength
Wands
 s - a wand of digging (11)
 t - a wand of iceblast (27)
 w - a wand of polymorph (23)
 E - a wand of charming (32)
 F - a wand of quicksilver (13)
 T - a wand of flame (44)
Scrolls
 c - 7 scrolls of fog
 f - 2 scrolls of silence
 j - 3 scrolls of torment
 k - a scroll of fear
 l - 20 scrolls of identify {@r1}
 m - 2 scrolls of blinking
 p - 3 scrolls of immolation
 u - 2 scrolls of enchant weapon
 x - 3 scrolls of amnesia
 A - 8 scrolls of teleportation {@r4}
 B - 7 scrolls of poison
 J - 7 scrolls of magic mapping
 V - 9 scrolls of vulnerability
Potions
 h - 5 potions of might
 o - 10 potions of mutation
 v - 7 potions of brilliance
 C - 4 potions of lignification
 K - 8 potions of attraction
 L - 8 potions of resistance
 N - 8 potions of flight
 R - 2 potions of ambrosia
Miscellaneous
 M - a phial of floods
 W - a condenser vane


   Skills:
 - Level 17.1 Fighting
 - Level 2.6 Long Blades
 - Level 8.0 Maces & Flails
 - Level 11.7 Armour
 - Level 13.4 Dodging
 - Level 5.0 Stealth
 - Level 3.0 Shields
 - Level 9.0 Spellcasting
 * Level 19.7 Conjurations
 - Level 9.5 Necromancy
 - Level 2.0 Translocations
 - Level 6.2 Transmutations
 - Level 19.5 Air Magic
 - Level 5.4 Earth Magic


You had 2 spell levels left.
You knew the following spells:

 Your Spells              Type           Power      Damage    Failure   Level
a - Dispel Undead         Necr           100%       3d31      1%          4
b - Sublimation of Blood  Necr           100%       N/A       1%          2
c - Maxwell's Capacitive  Air            80%        ∞         2%          8
d - Airstrike             Air            80%        2d(12-28) 0%          4
e - Arcjolt               Conj/Air       93%        1d103     0%          5
f - Chain Lightning       Conj/Air       93%        3d124     32%         9
h - Irradiate             Conj/Tmut      81%        3d38      1%          5

Your spell library contained the following spells:

 Spells                   Type           Power      Damage    Failure   Level
 Kiss of Death            Conj/Necr      100%       2d13      0%          1
 Beastly Appendage        Tmut           100%       N/A       1%          1
 Foxfire                  Conj/Fire      100%       2x1d9     1%          1
 Freeze                   Ice            100%       1d10      1%          1
 Sandblast                Erth           100%       2d20      1%          1
 Cigotuvi's Dreadful Rot  Necr/Pois/Air  100%       N/A       1%          2
 Ensorcelled Hibernation  Hex/Ice        100%       N/A       1%          2
 Lesser Beckoning         Tloc           100%       N/A       1%          2
 Momentum Strike          Conj/Tloc      100%       3d10      1%          2
 Passwall                 Tmut/Erth      84%        N/A       1%          2
 Scorch                   Fire           84%        2d9       1%          2
 Wereblood                Tmut           100%       N/A       1%          2
 Lightning Bolt           Conj/Air       93%        1d123     0%          5
 Dazzling Flash           Conj/Hex       100%       N/A       1%          3
 Gell's Gravitas          Tloc           69%        N/A       1%          3
 Hailstorm                Conj/Ice       100%       3d20      1%          3
 Spider Form              Tmut/Pois      79%        N/A       1%          3
 Stone Arrow              Conj/Erth      100%       3d13      1%          3
 Teleport Other           Tloc           69%        N/A       1%          3
 Vhi's Electric Charge    Tloc/Air       100%       N/A       1%          3
 Anguish                  Hex/Necr       46%        N/A       1%          4
 Animate Dead             Necr           100%       N/A       1%          4
 Flame Wave               Conj/Fire      100%       2d21      1%          4
 Iskenderun's Mystic Bla  Conj/Tloc      100%       2d19      1%          4
 Petrify                  Tmut/Erth      100%       N/A       1%          4
 Sticky Flame             Conj/Fire      100%       2d11      1%          4
 Summon Lightning Spire   Summ/Air       100%       N/A       1%          4
 Fireball                 Conj/Fire      74%        3d28      1%          5
 Portal Projectile        Hex/Tloc       100%       N/A       2%          3
 Blade Hands              Tmut           51%        N/A       2%          5
 Starburst                Conj/Fire      74%        6d19      2%          6
 Call Canine Familiar     Summ           42%        N/A       3%          3
 Confusing Touch          Hex            42%        N/A       3%          3
 Frozen Ramparts          Ice            100%       1d16      3%          3
 Inner Flame              Hex/Fire       42%        N/A       3%          3
 Summon Guardian Golem    Hex/Summ       42%        N/A       3%          3
 Animate Armour           Summ/Erth      100%       N/A       3%          4
 Ice Form                 Ice/Tmut       100%       N/A       3%          4
 Leda's Liquefaction      Hex/Erth       38%        N/A       3%          4
 Lee's Rapid Deconstruct  Erth           49%        3d23*     3%          5
 Storm Form               Tmut/Air       68%        N/A       4%          7
 Statue Form              Tmut/Erth      67%        N/A       16%         6
 Simulacrum               Ice/Necr       57%        N/A       22%         6
 Metabolic Englaciation   Hex/Ice        29%        N/A       28%         5
 Summon Mana Viper        Hex/Summ       42%        N/A       28%         5
 Dragon Form              Tmut           51%        N/A       54%         7
 Haunt                    Necr/Summ      46%        N/A       75%         7
 Summon Cactus Giant      Summ           21%        N/A       82%         6
 Summon Horrible Things   Summ           21%        N/A       100%        8
 Fire Storm               Conj/Fire      74%        8d19      100%        9
 Shatter                  Erth           49%        3d37*     100%        9


Dungeon Overview and Level Annotations

Branches:
Dungeon (15/15)            Temple (0/1) D:5            Lair (5/5) D:10
  Swamp (4/4) Lair:2       Spider (4/4) Lair:2        Slime (0/5) Lair:5
    Orc (2/2) D:12            Elf (3/3) Orc:2        Vaults (5/5) D:14
  Crypt (3/3) Vaults:2       Tomb (0/3) Crypt:3      Depths (0/4) D:15
 Bailey (visited)           IceCv (visited)

Shops:
D:3 (   D:9 [   D:12 [(   Orc:2 !(([   Elf:1 *   Vaults:4 !

Annotations:
D:9 2 transporters
D:13 2 transporters
Elf:2 3 runed translucent doors
Vaults:2 3 runed translucent doors, loam's ghost, adept DsEE


Innate Abilities, Weirdness & Mutations

You have an increased reservoir of magic. (+10% MP)
You shall have no god before yourself.
Your divine heritage dramatically boosts your attributes as you level up.
You are occasionally teleported next to monsters.


Message History

Unknown command.
As you read the scroll of teleportation {@r4}, it crumbles to dust.
You feel strangely unstable.
A harpy comes into view.
The titan waves its arms in wide circles.
The air twists around and strikes you!
* * * LOW HITPOINT WARNING * * *
The harpy moves out of view.
A deep elf sorcerer comes into view. It is wielding a +0 long sword.
The war gargoyle launches metal splinters at you.
The spray of metal splinters misses you.
The necromancer hits you but does no damage.
You are poisoned.
The vault sentinel blows a loud note on a signal horn!
A deep elf sorcerer comes into view.
It is wielding a +0 rapier of protection.
A shadow dragon comes into view.
You feel sick.
Unknown command.
Okay, then.
You feel sick.
You feel sick.
A faun comes into view.
You feel sick.
A sphinx comes into view.
Casting: Chain Lightning (dangerous; 32% risk of failure)
Confirm with . or Enter, or press ? or * to list all spells.
You feel a huge surge of power!
Electricity surges outward!
You kill the necromancer!
The stone giant is heavily wounded.
You feel sick.
An ogre mage comes into view. It is wielding a +0 whip.
The stone giant throws a large rock.
The large rock hits you.
* * * LOW HITPOINT WARNING * * *
Unknown command.
You feel yourself slow down.
Your surroundings suddenly seem different.
A yaktaur captain and a shadow dragon come into view.
The yaktaur captain wields a +0 arbalest.
The yaktaur captain shoots a bolt.
The bolt hits you!!!
You die...

...ppp<.e<.pC..C)pp)..........
.....pC<<.)...p).C............
....CCp.C)...pp)..............
######.p.)....##################
#..##.pCe....c.........
##.)##C.#....#D.........
..##C.###....#.......... p.##9.#
#....#........# ##..##..#
#..@..# ##..# ..# #....##
.9##..### #...## ..# ..# #...#
##..##.. #..## # ..# ..# #..
..##.. ## #.. 9.# ..# #.. ##..
#..


You could see a shadow dragon, a stone giant and a yaktaur captain.

Vanquished Creatures
  A royal mummy (Crypt:2)
  Xtahua (Vaults:2)
  A profane servitor (Crypt:3)
  2 bone dragons
  Arachne (Spider:3)
  Jorgrun (Swamp:3)
  3 tentacled monstrosities
  Asterion (Spider:1)
  Mlioglotl (Spider:2)
  2 deep elf blademasters (Elf:3)
  Zenata (Elf:3)
  3 liches
  2 deep elf master archers (Elf:3)
  Frances (Spider:1)
  7 ancient champions (Crypt:3)
  6 sphinxes
  3 tentacled starspawn (Abyss:4)
  Kirke (Spider:2)
  3 tengu reavers
  A thorn hunter (Swamp:4)
  3 revenants
  2 emperor scorpions (Spider:3)
  Aizul (Vaults:2)
  6 ghost moths
  14 vault wardens
  A caustic shrike zombie (Crypt:2)
  9 deep elf sorcerers
  A frost giant (Vaults:5)
  2 orc warlords
  5 deep elf elementalists
  17 ironbound preservers
  9 ghouls (Crypt:2)
  2 reapers (IceCv)
  3 war gargoyles
  8 ironbound thunderhulks
  5 vampire knights
  A broodmother (Spider:3)
  10 very ugly things
  2 ophanim
  A stone giant (Vaults:5)
  A bunyip (Swamp:3)
  5 eleionomae
  9 deep elf annihilators
  20 dire elephants
  7 deep elf demonologists
  2 spark wasps
  8 ettins
  8 deep elf death magi
  5 mummy priests
  5 eidola
  6 entropy weavers
  6 deep elf high priests
  A crystal guardian (Vaults:4)
  A quicksilver dragon zombie (Crypt:3)
  2 shambling mangroves
  9 jiangshi
  13 hydras
  7 great orbs of eyes
  23 vault guards
  7 yaktaur captains
  An ice dragon (D:15)
  12 ironbound frosthearts
  3 peacekeepers
  6 jorogumos
  2 catoblepae
  9 radroaches
  3 death knights
  A ghost crab (Swamp:4)
  17 centaur warriors
  7 boulder beetles
  A fenstrider witch skeleton (Crypt:1)
  A death scarab (Spider:4)
  7 alligators
  26 dancing weapons
  5 two-headed ogres
  4 vampire magi
  4 tengu warriors
  2 titan zombies
  A deep troll earth mage (D:14)
  A spriggan berserker (Swamp:4)
  3 orc high priests (Orc:2)
  3 wretched stars (Abyss:4)
  12 deep elf knights
  A skyshark (Lair:5)
  An iron giant zombie (Crypt:1)
  5 shadow wraiths
  4 sixfirhies (Abyss:4)
  A spatial maelstrom (Abyss:4)
  3 pharaoh ants
  29 skeletal warriors
  Lodul (D:11)
  A glowing orange brain (Vaults:3)
  A sun moth (Spider:4)
  3 flayed ghosts
  A quicksilver dragon simulacrum (Crypt:3)
  7 goliath frogs
  4 spriggan simulacra (IceCv)
  A lindwurm (shapeshifter) (Abyss:4)
  54 deep trolls
  6 swamp dragons
  An iron giant skeleton (Crypt:1)
  17 orb spiders
  3 spriggan druids
  9 phantasmal warriors
  A death drake (Swamp:1)
  6 lindwurms (Vaults:4)
  A shadow dragon zombie (Crypt:1)
  An obsidian statue (IceCv)
  3 deep elf archers
  19 deep elf zephyrmancers
  3 harpies (Vaults:2)
  16 ironbound convokers
  A jorogumo zombie (Crypt:1)
  9 orc knights
  7 wizards
  8 steelbarb worms
  13 bog bodies
  An iron dragon zombie (Crypt:1)
  5 necromancers
  An anaconda skeleton (Crypt:3)
  6 orc sorcerers
  35 ugly things
  26 deep elf pyromancers
  21 wolf spiders
  2 starcursed masses (Abyss:4)
  A manticore (D:14)
  3 large abominations (Abyss:4)
  A goliath frog skeleton (Crypt:2)
  7 cyclopes
  A stone giant zombie (Crypt:1)
  3 moths of wrath
  5 will-o-the-wisps
  An apocalypse crab (Abyss:4)
  12 vault sentinels
  9 elephants (Lair:5)
  5 torpor snails
  A stone giant skeleton (D:15)
  An eye of devastation (Abyss:4)
  6 demonic crawlers
  An orange demon (Abyss:4)
  4 smoke demons (Abyss:4)
  3 gargoyles
  A frost giant skeleton (Crypt:3)
  A naga skeleton (Crypt:3)
  An alligator snapping turtle zombie (Crypt:1)
  Psyche (D:9)
  A spriggan zombie (D:15)
  Maggie (D:7)
  A yaktaur zombie (Vaults:2)
  16 cane toads
  3 unseen horrors
  42 yaktaurs
  14 freezing wraiths
  14 komodo dragons
  3 efreet
  An ancient zyme (Abyss:4)
  A komodo dragon (shapeshifter) (D:15)
  3 rime drakes
  An alligator snapping turtle skeleton (Crypt:3)
  2 anaconda simulacra (IceCv)
  3 ice devils (IceCv)
  4 tengu conjurers
  10 guardian mummies
  A silent spectre (Abyss:4)
  2 sea snake skeletons
  11 trolls
  A golden dragon simulacrum (IceCv)
  9 tyrant leeches
  A hellwing (Abyss:4)
  4 meliai
  3 polar bears
  2 hydra zombies
  A meliai (shapeshifter) (D:15)
  A bloated husk (Swamp:3)
  13 hornets
  20 tarantellas
  A raiju (Abyss:4)
  25 blink frogs
  6 dream sheep (Lair:5)
  Prince Ribbit (D:7)
  41 jumping spiders
  A radroach zombie (Crypt:3)
  2 vampires
  34 slime creatures
  A centaur simulacrum (D:14)
  A yak (shapeshifter) (D:13)
  A water elemental (Elf:3)
  A shadow (D:13)
  2 dire elephant simulacra
  2 black mamba zombies
  An ettin skeleton (Abyss:4)
  6 spriggans
  4 wyverns
  13 wraiths
  A ynoxinul (Abyss:4)
  38 culicivoras
  A fire elemental (D:15)
  3 ushabtiu (Crypt:3)
  6 hogs
  5 fire bats (Lair:2)
  3 steam dragons
  5 basilisks
  4 humans (D:8)
  54 yaks
  72 redbacks
  16 vampire mosquitoes
  2 neqoxecs (Abyss:4)
  A chaos spawn (Abyss:4)
  2 wargs (Orc:1)
  3 minotaur simulacra (IceCv)
  16 swamp worms
  A swamp worm (shapeshifter) (Vaults:2)
  A glowing shapeshifter zombie (D:15)
  4 spatial vortices (Abyss:4)
  Duvessa (D:7)
  An acid dragon (D:8)
  17 water moccasins
  A faun skeleton (Crypt:2)
  A glowing shapeshifter skeleton (Vaults:2)
  A two-headed ogre skeleton (Crypt:1)
  A fire bat skeleton (Crypt:3)
  A floating eye (Abyss:4)
  31 orc warriors
  12 swamp drakes
  2 ice beasts
  3 black bears
  2 swamp dragon zombies
  An elf simulacrum (Vaults:2)
  A human zombie (Vaults:2)
  A boggart (Vaults:1)
  30 centaurs
  12 ogres
  19 wolves
  A snapping turtle skeleton (Crypt:2)
  A kobold brigand (D:10)
  2 gnoll sergeants
  17 bullfrogs
  A cyclops zombie (Crypt:2)
  4 deep troll simulacra (IceCv)
  3 necrophages
  3 earth elementals
  A naga simulacrum (Crypt:3)
  4 scorpions
  A human simulacrum (Vaults:2)
  3 wights
  Dowan (D:7)
  A cyclops skeleton (Crypt:2)
  A jelly (D:7)
  4 small abominations (Abyss:4)
  5 killer bees
  A queen bee zombie (Crypt:1)
  3 lindwurm simulacra (IceCv)
  6 howler monkeys
  8 electric eels
  Crazy Yiuf (D:7)
  14 orc priests
  A gnoll bouda (D:8)
  3 hounds
  An iron imp (Abyss:4)
  A bullfrog skeleton (Crypt:1)
  3 iguanas
  Terence (D:3)
  21 orc wizards
  A naga zombie (Crypt:3)
  A deep dwarf skeleton (Crypt:1)
  2 tengu skeletons (Crypt:3)
  A mummy (Crypt:2)
  Robin (D:4)
  12 gnolls
  4 adders
  A steam dragon zombie (Crypt:3)
  A white imp (D:5)
  2 ufetubi
  An adder skeleton (Crypt:2)
  A lava snake skeleton (Crypt:2)
  3 dart slugs
  90 orcs
  5 ball pythons
  4 endoplasms
  6 giant cockroaches
  9 hobgoblins
  11 jackals
  8 kobolds
  4 quokkas
  2 bats (D:3)
  4 frilled lizards
  15 goblins
  2 rats
  A rat skeleton (Crypt:3)
  A butterfly (Lair:3)
  7 starspawn tentacles (Abyss:4)
1851 creatures vanquished.

Vanquished Creatures (collateral kills)
  2 deep trolls (Vaults:2)
  2 harpies (Vaults:2)
  A wolf spider (Spider:4)
  A vault sentinel (Vaults:2)
  A killer bee (D:7)
7 creatures vanquished.

Vanquished Creatures (others)
  2 hydras (Swamp:4)
  A pharaoh ant (Spider:2)
  A large abomination (Abyss:4)
  An ironbound convoker (Vaults:2)
  A deep elf zephyrmancer (Elf:1)
  An ugly thing (Vaults:3)
  A centaur zombie (Crypt:3)
  A bloated husk (Swamp:3)
  A killer bee (D:7)
  A bush (Lair:5)
  10 foxfires
  38 fungi
  100 plants
  5 starspawn tentacles (Abyss:4)
  A withered plant (D:15)
165 creatures vanquished.

Grand Total: 2023 creatures vanquished

Notes
Turn   | Place    | Note
-------+----------+-------------------------------------------
     0 | D:1      | freelancePsychic the Demigod Reaver began the quest for the
                  | Orb.
     0 | D:1      | Reached XP level 1. HP: 17/17 MP: 5/5
   229 | D:1      | Reached XP level 2. HP: 20/24 MP: 7/7
   232 | D:1      | Learned a level 2 spell: Momentum Strike
   293 | D:1      | Reached skill level 1 in Translocations
  1040 | D:2      | Reached XP level 3. HP: 17/29 MP: 2/8
  2048 | D:3      | Identified a scroll of acquirement
  2057 | D:3      | Acquired the ring "Moano" {Ice rN+ Will++ MP+9 SInv}
  2218 | D:3      | Reached XP level 4. HP: 37/37 MP: 9/9
  2718 | D:3      | Found Gateuw's Weapon Shoppe.
  2796 | D:3      | Noticed Terence
  2805 | D:3      | Killed Terence
  3204 | D:4      | Reached XP level 5. HP: 38/41 MP: 10/10
  3233 | D:4      | Reached skill level 1 in Shields
  3275 | D:4      | Reached skill level 1 in Earth Magic
  3320 | D:4      | Noticed a black bear
  3335 | D:4      | Killed a black bear
  3336 | D:4      | Reached XP level 6. HP: 40/50 MP: 12/12
  3444 | D:4      | Noticed Robin
  3493 | D:4      | Killed Robin
  3850 | D:4      | Learned a level 3 spell: Stone Arrow
  3867 | D:5      | Entered Level 5 of the Dungeon
  3938 | D:5      | Found a staircase to the Ecumenical Temple.
  4060 | D:4      | Reached skill level 5 in Conjurations
  4114 | D:5      | Reached XP level 7. HP: 56/56 MP: 13/13
  5909 | D:6      | Reached XP level 8. HP: 62/62 MP: 14/14
  6220 | D:6      | Reached skill level 5 in Earth Magic
  6773 | D:7      | Noticed Prince Ribbit
  6782 | D:7      | Killed Prince Ribbit
  6783 | D:7      | Reached skill level 1 in Air Magic
  7031 | D:7      | Noticed Duvessa
  7041 | D:7      | Noticed Dowan
  7050 | D:7      | Killed Duvessa
  7051 | D:7      | Killed Dowan
  7146 | D:7      | Reached skill level 1 in Stealth
  7284 | D:7      | Reached XP level 9. HP: 43/73 MP: 16/16
  7478 | D:7      | Reached skill level 5 in Fighting
  7653 | D:7      | Noticed Maggie
  7657 | D:7      | Killed Maggie
  7874 | D:7      | Found a runed translucent door.
  7875 | D:7      | Noticed Crazy Yiuf
  8269 | D:7      | Killed Crazy Yiuf
  8445 | D:8      | Acquired the ring of Kindness {rElec MP+9 Str+2 Int+3}
  9584 | D:8      | Reached XP level 10. HP: 72/83 MP: 17/17
  9902 | D:9      | Noticed a two-headed ogre
  9944 | D:9      | Killed a two-headed ogre
  9945 | D:9      | Reached skill level 5 in Stealth
  9945 | D:9      | Reached skill level 5 in Air Magic
 10550 | D:9      | Noticed Psyche
 10554 | D:9      | Killed Psyche
 10668 | D:9      | Found a transporter.
 10971 | D:9      | Found the brooch of Shielding {Spirit SH+8}
 11102 | D:9      | Found a transporter.
 11197 | D:9      | Found Vataem's Armour Shop.
 11204 | D:9      | Bought a +0 helmet of intelligence for 138 gold pieces
 11204 | D:9      | Bought the +1 pair of boots of Soft Rains {rPois Str+2
                  | Slay-4} for 114 gold pieces
 11249 | D:10     | Entered Level 10 of the Dungeon
 11302 | D:10     | Found a flagged portal.
 11311 | Bailey   | Entered a bailey
 11805 | Bailey   | Learned a level 4 spell: Airstrike
 11980 | Bailey   | Reached XP level 11. HP: 94/94 MP: 16/18
 13379 | D:10     | Found a staircase to the Lair.
 13963 | Lair:1   | Entered Level 1 of the Lair of Beasts
 14207 | Lair:1   | Reached skill level 10 in Conjurations
 14321 | Lair:1   | Learned a level 5 spell: Arcjolt
 15284 | Lair:1   | Noticed a catoblepas
 15290 | Lair:1   | Killed a catoblepas
 15870 | Lair:2   | Found a hole to the Spider Nest.
 16545 | Lair:2   | Noticed a bog body
 16548 | Lair:2   | Killed a bog body
 16563 | Lair:2   | Reached skill level 10 in Fighting
 16565 | Lair:2   | Noticed a bog body
 16566 | Lair:2   | Noticed a bog body
 16576 | Lair:2   | Killed a bog body
 16713 | Lair:2   | Killed a bog body
 16714 | Lair:2   | Reached XP level 12. HP: 106/106 MP: 20/20
 16770 | Lair:2   | Found a staircase to the Swamp.
 17219 | Lair:3   | Reached skill level 10 in Air Magic
 17315 | Lair:3   | Reached skill level 1 in Armour
 18677 | Lair:4   | Identified the +2 shortbow of Disharmony {freeze, +Blink
                  | rC+ rCorr}
 18691 | Lair:4   | Acquired 878 gold pieces
 18775 | Lair:4   | Reached skill level 5 in Armour
 20175 | Lair:5   | Entered Level 5 of the Lair of Beasts
 20372 | Lair:5   | Reached XP level 13. HP: 116/116 MP: 4/22
 21883 | Lair:5   | Reached skill level 10 in Armour
 22694 | Lair:5   | Found a staircase to the Slime Pits.
 23407 | D:11     | Noticed Lodul
 23411 | D:11     | Killed Lodul
 24639 | D:12     | Found a staircase to the Orcish Mines.
 24641 | D:12     | Found Nosmabroky's Armour Shoppe.
 24883 | D:12     | Reached skill level 1 in Transmutations
 25235 | D:12     | Found Jiloto's Weapon Boutique.
 25464 | D:12     | Reached XP level 14. HP: 127/127 MP: 23/23
 26588 | Orc:1    | Entered Level 1 of the Orcish Mines
 26748 | D:12     | Learned a level 5 spell: Irradiate
 27155 | Orc:1    | Noticed an orc warlord
 27168 | Orc:1    | Killed an orc warlord
 27463 | Orc:1    | You fall into a shaft and drop 1 floor!
 27463 | Orc:2    | Entered Level 2 of the Orcish Mines
 27463 | Orc:2    | Found Otintuelup's Antique Armour Shop.
 27463 | Orc:2    | Found Wadgh's Distillery.
 27463 | Orc:2    | Found Gutzul Tofo's Weapon Shoppe.
 27464 | Orc:2    | Found Acwaus's Weapon Shoppe.
 27469 | Orc:2    | Reached skill level 5 in Transmutations
 27553 | Orc:2    | Bought a potion of heal wounds for 80 gold pieces
 27553 | Orc:2    | Bought a potion of resistance for 160 gold pieces
 27553 | Orc:2    | Bought a potion of heal wounds for 80 gold pieces
 27553 | Orc:2    | Bought a potion of brilliance for 64 gold pieces
 27553 | Orc:2    | Bought a potion of haste for 160 gold pieces
 27565 | Orc:2    | Bought a pair of glowing gloves for 225 gold pieces
 27759 | Orc:2    | Found a staircase to the Elven Halls.
 28849 | D:13     | Found a transporter.
 28886 | D:13     | Found a transporter.
 29499 | D:13     | Noticed a tengu reaver
 29508 | D:13     | Reached skill level 5 in Spellcasting
 29509 | D:13     | Killed a tengu reaver
 29609 | D:13     | Got the Compilation of the Comitatus
 29616 | D:13     | Identified the +5 war axe of Destiny {spect, rElec rN+
                  | SInv}
 29900 | D:14     | Reached skill level 1 in Necromancy
 30295 | D:14     | Reached XP level 15. HP: 136/137 MP: 14/27
 30519 | D:13     | Learned a level 4 spell: Dispel Undead
 31359 | D:14     | Found a gate to the Vaults.
 31570 | D:14     | Noticed a sphinx
 31764 | D:14     | Killed a sphinx
 31850 | D:14     | Identified the +2 robe "Wubur" {Harm Rampage rC+ Int-3}
 31906 | D:14     | Reached skill level 5 in Necromancy
 32127 | D:15     | Entered Level 15 of the Dungeon
 32506 | D:15     | Found a staircase to the Depths.
 34600 | Spider:1 | Entered Level 1 of the Spider Nest
 34657 | Spider:1 | Reached skill level 5 in Dodging
 35550 | Spider:1 | Noticed Frances
 35833 | Spider:1 | Identified the +9 dire flail "Bonick" {drain, Int+2}
 36027 | Spider:1 | Killed Frances
 36352 | Spider:1 | Noticed Asterion
 36361 | Spider:1 | Killed Asterion
 36362 | Spider:1 | Reached skill level 1 in Maces & Flails
 36362 | Spider:1 | Reached XP level 16. HP: 137/147 MP: 18/32
 36604 | Spider:1 | Reached skill level 15 in Fighting
 36995 | Spider:2 | Noticed Kirke
 36997 | Spider:2 | Noticed a sphinx
 37074 | Spider:2 | Killed Kirke
 37155 | Spider:2 | Noticed Mlioglotl
 37165 | Spider:2 | Killed Mlioglotl
 38366 | Spider:3 | Learned a level 8 spell: Maxwell's Capacitive Coupling
 38612 | Spider:3 | Noticed Arachne
 38623 | Spider:3 | Killed Arachne
 39689 | Spider:3 | Reached skill level 5 in Maces & Flails
 40023 | Spider:4 | Entered Level 4 of the Spider Nest
 41168 | Spider:4 | Got a gossamer rune of Zot
 41571 | Spider:4 | Reached XP level 17. HP: 86/139 MP: 0/33
 41829 | Spider:3 | Reached skill level 15 in Air Magic
 42998 | Swamp:1  | Entered Level 1 of the Swamp
 43331 | Swamp:1  | Found the +9 sword of Zonguldrok {reap}
 44579 | Swamp:2  | HP: 3/156 [will-o-the-wisp/foxfire (45)]
 45355 | Swamp:3  | Reached skill level 10 in Dodging
 45714 | Swamp:3  | Noticed a tentacled monstrosity
 45753 | Swamp:3  | Killed a tentacled monstrosity
 45895 | Swamp:3  | Noticed Jorgrun
 45900 | Swamp:3  | Killed Jorgrun
 46467 | Swamp:3  | Got Sif Muna's Vellum of Reanimation Made Easy
 46535 | Swamp:3  | Learned a level 2 spell: Sublimation of Blood
 46611 | Swamp:4  | Entered Level 4 of the Swamp
 46741 | Swamp:4  | Found a frozen archway.
 46747 | IceCv    | Entered an ice cave
 47643 | IceCv    | Found the +2 Maxwell's thermic engine {flame, freeze}
 48581 | Swamp:4  | Reached XP level 18. HP: 163/163 MP: 17/35
 48699 | Swamp:4  | Paralysed by a hornet for 1 turns
 49072 | Swamp:4  | Got a decaying rune of Zot
 49294 | D:10     | Upgraded the game from 0.30-a0-840-ga523dec638 to
                  | 0.30-a0-845-g7c6808c8ce
 49483 | Elf:1    | Entered Level 1 of the Elven Halls
 49960 | Elf:1    | Found Zanamp's Assorted Antiques.
 49973 | Elf:1    | Bought a scroll of blinking for 240 gold pieces
 50438 | Elf:1    | Got Ihickiype's Meditations on the Escort
 51574 | Elf:2    | Found a runed translucent gate.
 51575 | Elf:2    | Found a runed translucent gate.
 51575 | Elf:2    | Found a runed translucent gate.
 51768 | Elf:3    | Entered Level 3 of the Elven Halls
 52480 | Abyss:4  | Cast into level 4 of the Abyss (a deep elf sorcerer)
 52526 | Abyss:4  | Noticed a bone dragon
 52560 | Abyss:4  | Killed a bone dragon
 52612 | Abyss:4  | Got an abyssal rune of Zot
 52934 | Elf:3    | Escaped the Abyss
 53307 | Abyss:4  | Cast into level 4 of the Abyss (a deep elf demonologist)
 53515 | Abyss:4  | Reached XP level 19. HP: 126/140 MP: 37/37
 53888 | Elf:3    | Escaped the Abyss
 54549 | Elf:3    | Identified the ring of the Thistle {rF- Will+ Str+4 Dex+6}
 54567 | Elf:3    | Noticed Zenata
 54572 | Elf:3    | Killed Zenata
 54894 | Elf:3    | Found a runed translucent gate.
 54895 | Elf:3    | Found a runed translucent gate.
 54895 | Elf:3    | Found a runed translucent gate.
 55188 | Elf:3    | Found the ring of the Mage {Wiz Archmagi}
 55266 | Elf:3    | Identified the +1 scale mail of Noon {rElec}
 55276 | Elf:3    | Identified the +0 chain mail of the Alphagorgon {Dex+3}
 55593 | Vaults:1 | Entered Level 1 of the Vaults
 56466 | Abyss:4  | Cast into level 4 of the Abyss (a deep elf demonologist)
 56482 | Vaults:1 | Escaped the Abyss
 56503 | Vaults:1 | Identified the +0 hand axe "Olinahal" {flame, rPois Dex+3}
 57265 | Vaults:2 | Noticed Aizul
 57273 | Vaults:2 | Killed Aizul
 57321 | Vaults:2 | Noticed Xtahua
 57325 | Vaults:2 | Killed Xtahua
 58000 | Vaults:2 | Reached XP level 20. HP: 182/182 MP: 30/38
 58494 | Vaults:2 | Found a runed translucent gate.
 58494 | Vaults:2 | Found a runed translucent gate.
 58494 | Vaults:2 | Found a runed translucent gate.
 58494 | Vaults:2 | Noticed loam's ghost (adept DsEE)
 59096 | Vaults:2 | Found a staircase to the Crypt.
 59221 | Crypt:1  | Entered Level 1 of the Crypt
 59297 | Crypt:1  | Identified the +1 flail "Transmigrator" {protect, rElec
                  | Str+2 Int-5 Dex+7}
 61314 | Crypt:2  | Noticed a royal mummy
 61638 | Crypt:3  | Entered Level 3 of the Crypt
 62240 | Crypt:3  | Acquired the +2 pair of slick slippers {slick, slippery,
                  | EV+5}
 62240 | Crypt:3  | Found the +2 pair of slick slippers {slick, slippery, EV+5}
 62593 | Crypt:3  | Found a staircase to the Tomb.
 62942 | Crypt:3  | Noticed a profane servitor
 62946 | Crypt:3  | Killed a profane servitor
 62969 | Crypt:3  | Noticed a bone dragon
 62974 | Crypt:3  | Killed a bone dragon
 62979 | Crypt:3  | Reached skill level 15 in Conjurations
 62979 | Crypt:3  | Reached XP level 21. HP: 172/191 MP: 31/39
 62989 | Crypt:3  | Learned a level 9 spell: Chain Lightning
 63077 | Crypt:3  | Found the +8 Vampire's Tooth {megavamp}
 63333 | Crypt:2  | Noticed a royal mummy
 63483 | Crypt:2  | Killed a royal mummy
 63493 | Crypt:2  | Noticed a royal mummy
 64031 | Vaults:3 | Identified the +8 spear "Rimossixt" {drain, rC+}
 66102 | Vaults:4 | Found Muasih's Distillery.
 66168 | Vaults:4 | Bought a potion of resistance for 180 gold pieces
 66168 | Vaults:4 | Bought a potion of resistance for 180 gold pieces
 66168 | Vaults:4 | Bought a potion of haste for 180 gold pieces
 66168 | Vaults:4 | Bought a potion of heal wounds for 90 gold pieces
 66168 | Vaults:4 | Bought a potion of curing for 54 gold pieces
 66168 | Vaults:4 | Bought a potion of brilliance for 72 gold pieces
 66537 | Vaults:4 | Identified the +5 dagger of Cohus {heavy, rN+ Stlth+}
 67916 | Vaults:5 | Entered Level 5 of the Vaults
 67921 | Vaults:5 | Reached XP level 22. HP: 134/199 MP: 39/40
 67967 | Vaults:5 | Gained mutation: You are occasionally teleported next to
                  | monsters. [mutagenic glow]
 67979 | Vaults:5 | HP: 9/199 [stone giant/large rock (3)]
 67980 | Vaults:5 | Shot with a bolt by a yaktaur captain

Illustrated notes

Levels and vault maps discovered:
D:1:      lightli_arrival_windingriver, layout_basic, serial_bayou_pond_d
D:2:      layout_loops_corners, basic_altar, hangedman_abyss_or_decor_stabs,
          minmay_worlds_worst_comb
D:3:      layout_basic, nicolae_overflow_hallway_of_the_gods, serial_shops,
          shop, uniq_terence
D:4:      layout_rooms, uniq_robin
D:5:      layout_loops_corners, mainiacjoe_overflow_24_doors,
          minmay_temple_entry_large_hall
D:6:      layout_loops_ring
D:7:      layout_gridville, uniq_prince_ribbit1, uniq_duvessa, uniq_maggie,
          uniq_crazy_yiuf_cottage
D:8:      layout_cave_pods, minmay_ruffians
D:9:      gammafunk_jiyva_shrine, layout_irregular_city, serial_shops, shop,
          kennysheep_potato, uniq_psyche
D:10:     layout_stronghold, amcnicky_altar_gilded, erik_lair_dragon,
          enter_bailey_8
D:11:     layout_irregular_city, dreamdust_wishing_well, uniq_lodul
D:12:     layout_stronghold, orc_david_3, serial_shops,
          nicolae_shop_statue_plus, due_unseen_surprise
D:13:     gammafunk_corrupted_shrine, layout_basic, minmay_the_grid_2x2
          [minmay_the_grid_zigzag_pyramid, minmay_the_grid_doors,
          minmay_the_grid_embedded, minmay_the_grid_prize_diamond_cup]
D:14:     cross_vault, layout_irregular_city, david_vaults_5, vehumet_crystals,
          serial_park_tiny_1, st_stairs_13
D:15:     gammafunk_depths_entry_grave, layout_loops_corners,
          minmay_misc_feat_nine_boxes, kennysheep_inner_square
Lair:1:   layout_cave_pods
Lair:2:   layout_chaotic_city, nicolae_swamp_entry_splash_gauntlet,
          hellmonk_spider_entry_life_and_decay
Lair:3:   layout_chaotic_city, pdpol_lair_cavern_descent, lemuel_fruit_fields,
          grunt_megastairs_2
Lair:4:   layout_layer_cave, cheibrodos_lair_caveside_slide, lemuel_fruit_tree,
          infiniplex_staircase_pool
Lair:5:   minmay_lair_end_frog_pond, layout_loops_ring,
          dpeg_slime_entry_enclosed
Swamp:1:  layout_falls_marsh, evilmike_swamp_ruin_rubble_1
Swamp:2:  layout_basic_swamp, evilmike_swamp_ruin_house_5
Swamp:3:  layout_basic_swamp, evilmike_swamp_ruin_house_4,
          nicolae_swamp_necromancy_gone_wrong, uniq_jorgrun
Swamp:4:  swamp_basic_johnstein, layout_basic_swamp,
          portal_ice_cave_entry_horrid_things, nicolae_swamp_tree_designs
Spider:1: layout_cave_pods, nicolae_spider_baby_got_redback, uniq_asterion,
          uniq_frances
Spider:2: layout_spider_delve, uniq_mlioglotl, uniq_kirke
Spider:3: layout_spider_delve, uniq_arachne
Spider:4: johnstein_spider_rune_arachne_lair
Orc:1:    layout_caves
Orc:2:    st_orc_elflike, layout_diamond_mine
Elf:1:    layout_loops_corners, serial_shops, nicolae_shop_advertising_works
          [nicolae_subvault_shop_adworks], minmay_elf_demonology
Elf:2:    nicolae_elf_blades_crystal_corner, layout_rooms
Elf:3:    minmay_elf_hall_quartered_circle, layout_onion_city, serial_sigils,
          serial_sigils_hangedman_scratch, serial_sigils_hangedman_gnaw,
          serial_sigils_hangedman_confine, serial_sigils_hangedman_writhe,
          nicolae_gammafunk_elf_defective_weapons_storage, uniq_zenata
Vaults:1: v_misc_31, nicolae_vaults_mini_display_case, vaults_mumra_chevron,
          v_pattern_2, v_alt_pattern_6, vaults_room_pools,
          layout_vaults_quadrants
Vaults:2: gammafunk_ghost_spectres, vaults_dpeg_doors, serial_ice_g, v_misc_3,
          vaults_mumra_minichess_inversion, v_misc_33, hangedman_vaults_corner,
          nicolae_vaults_three_branches, minmay_crypt_entry_necro_gods,
          grunt_vaults_trifunnel, v_misc_13, vaults_room_pools,
          layout_vaults_big_room, uniq_aizul, uniq_xtahua
Vaults:3: nicolae_vaults_triangles, nicolae_vaults_network_barrier,
          nicolae_vaults_circle_grid_a, hangedman_vaults_restitches,
          nicolae_vaults_little_squares_5, v_alt_pattern_1,
          ontoclasm_vaults_shuriken, nicolae_vaults_arrows,
          dpeg_vaults_monster_box, layout_vaults_maze_snakey
Vaults:4: nicolae_vaults_angled_halls, ontoclasm_vaults_pinch,
          nicolae_vaults_windows_and_doors_thing, nicolae_vaults_big_ls,
          vaults_room_fours, v_alt_pattern_2, v_misc_27, vaults_mumra_minichess,
          ontoclasm_vaults_decontamination, nicolae_vaults_little_squares_3,
          vaults_room_stairs_pillars, nicolae_vaults_little_squares_2,
          layout_vaults_omnibox, serial_shops, shop
Vaults:5
Crypt:1:  layout_misc_corridors
Crypt:2:  ragdoll_tomb_raider, layout_chaotic_city, st_stairs_9,
          roderic_lattice_octagonal_star
Crypt:3:  lightli_unholy_cathedral, layout_chaotic_city,
          tomb_entry_simple_bobbens, lemuel_freeze_loot_1, uniq_margery

Skill      XL: |  1  2  3  4  5  6  7  8  9 10 11 12 13 14 15 16 17 18 19 20 21 |
---------------+----------------------------------------------------------------+-----
Fighting       | 2 4 6 7 10 11 12 13 14 15 16 17 | 17.1
Conjurations   | 3 4 5 6 7 8 9 10 11 12 15 19 | 19.7
Translocations | 1 2 |  2.0
Spellcasting   | 2 3 5 8 9 |  9.0
Shields        | 1 2 3 |  3.0
Earth Magic    | 1 2 4 5 |  5.4
Air Magic      | 2 4 6 9 11 12 14 17 18 19 | 19.5
Stealth        | 1 4 5 |  5.0
Armour         | 7 11 | 11.7
Transmutations | 2 6 |  6.2
Necromancy     | 2 5 6 8 9 |  9.5
Dodging        | 6 8 10 11 13 | 13.4
Maces & Flails | 1 6 8 |  8.0
Long Blades    | |  2.6

Action                     |  1- 3 |  4- 6 |  7- 9 | 10-12 | 13-15 | 16-18 | 19-21 | 22-24 || total
---------------------------+-------+-------+-------+-------+-------+-------+-------+-------++-------
  Melee: Falchion          |    64 |    20 |    70 |    68 |   373 |    22 |       |       ||   617
         Dagger            |       |   107 |    48 |       |       |       |       |       ||   155
         Demon whip        |       |       |       |       |       |   598 |   554 |       ||  1152
         Staff             |       |       |       |       |       |       |    18 |     2 ||    20
   Cast: Momentum Strike   |    29 |    21 |     9 |       |       |       |       |       ||    59
         Kiss of Death     |       |     2 |       |       |       |     1 |       |       ||     3
         Stone Arrow       |       |     3 |   144 |   131 |    29 |       |       |       ||   307
         Airstrike         |       |       |       |   192 |   277 |   389 |    40 |       ||   898
         Arcjolt           |       |       |       |    47 |   184 |   149 |   157 |     8 ||   545
         Irradiate         |       |       |       |       |    43 |    88 |    58 |     3 ||   192
         Dispel Undead     |       |       |       |       |    34 |    36 |   226 |       ||   296
         Sublimation of Bl |       |       |       |       |       |    37 |    15 |       ||    52
         Maxwell's Capacit |       |       |       |       |       |    64 |   168 |     1 ||   233
         Chain Lightning   |       |       |       |       |       |       |       |     2 ||     2
  Evoke: Wand              |       |       |     3 |     1 |    15 |    11 |       |       ||    30
         Condenser vane    |       |       |       |       |     3 |     1 |       |       ||     4
         Phial of floods   |       |       |       |       |     1 |     2 |     2 |       ||     5
    Use: Scroll            |     6 |     2 |     3 |    19 |    10 |    20 |    21 |     4 ||    85
         Potion            |       |       |       |     8 |     7 |    14 |    23 |     6 ||    58
   Stab: Distracted        |       |       |       |     1 |       |     1 |     1 |       ||     3
         Invisible         |       |       |       |     3 |       |     3 |       |       ||     6
         Sleeping          |       |       |       |       |     5 |     1 |     3 |       ||     9
 Armour: Leather armour    |    20 |    28 |    14 |       |       |       |       |       ||    62
         Steam dragon scal |       |       |    36 |    60 |   100 |       |       |       ||   196
         Troll leather arm |       |       |       |       |   307 |   456 |   302 |     2 ||  1067
         Skin              |       |       |       |       |     3 |       |     9 |       ||    12
  Dodge: Dodged            |    35 |    85 |    72 |    91 |   372 |   591 |   644 |    13 ||  1903
  Block: Buckler           |       |    32 |    68 |   132 |   566 |   634 |   324 |     7 ||  1763
         Reflection        |       |       |       |     6 |    20 |    23 |     5 |       ||    54

Table legend: (Time is in decaauts)
 A = Elapsed time spent in this place.
 B = Non-inter-level travel time spent in this place.
 C = Inter-level travel time spent in this place.
 D = Time resting spent in this place.
 E = Time spent auto-exploring this place.
 F = Levels seen in this place.
 G = Mean time per level.
                   A        B        C        D        E       F      G
               +--------+--------+--------+--------+--------+-----+--------+
         Total |  68037 |  64719 |   3318 |   3706 |  50404 |  46 | 1479.1 |
       Dungeon |  23353 |  21800 |   1553 |    910 |  18028 |  15 | 1556.9 |
          Lair |   9484 |   9015 |    469 |    241 |   7704 |   5 | 1896.8 |
         Swamp |   5418 |   5258 |    160 |    545 |   3967 |   4 | 1354.5 |
   Spider Nest |   8349 |   8156 |    193 |    977 |   6023 |   4 | 2087.2 |
  Orcish Mines |   1544 |   1395 |    149 |      0 |   1187 |   2 |  772.0 |
   Elven Halls |   5316 |   4995 |    321 |    565 |   3572 |   3 | 1772.0 |
        Vaults |   6998 |   6680 |    318 |    205 |   4918 |   5 | 1399.6 |
         Crypt |   4475 |   4323 |    152 |     94 |   3157 |   3 | 1491.7 |
         Abyss |    949 |    949 |      0 |    138 |    282 |   3 |  316.3 |
        Bailey |   1176 |   1176 |      0 |      0 |    904 |   1 | 1176.0 |
      Ice Cave |    970 |    970 |      0 |     31 |    661 |   1 |  970.0 |
               +--------+--------+--------+--------+--------+-----+--------+

Top non-repeatable levels by time:
  Lair:5: 2954 daAuts
    D:12: 2655 daAuts
Spider:1: 2496 daAuts
Vaults:2: 2288 daAuts
Spider:3: 2256 daAuts
   Elf:3: 2249 daAuts
    D:14: 2222 daAuts
    D:15: 2117 daAuts
Spider:4: 2114 daAuts
    D:10: 1996 daAuts
    D:13: 1941 daAuts
 Crypt:2: 1835 daAuts
  Lair:1: 1777 daAuts
     D:7: 1727 daAuts
  Lair:2: 1676 daAuts
